 Dungeon Crawl Stone Soup version 0.30-a0-297-g0ec75d9ef4 (webtiles) character file.

Game seed: 834697611992803262

130 kae the Ruffian (level 4, -4/37 HPs)
             Began as a Draconian Transmuter on Oct 18, 2022.
             Slain by an orc priest
             ... wielding a +0 mace
              (7 damage)
             ... on level 3 of the Dungeon.
             The game lasted 00:02:47 (2147 turns).

kae the Ruffian (Draconian Transmuter)              Turns: 2147, Time: 00:02:47

Health: -4/37      AC:  2    Str: 12    XL:     4   Next: 90%
Magic:  4/7        EV: 19    Int: 16    God:
Gold:   41         SH:  0    Dex: 16    Spells: 2/8 levels left

rFire   . . .      SeeInvis .      - Unarmed
rCold   . . .      Faith    .    (shield currently unavailable)
rNeg    . . .      Spirit   .    (body armour unavailable)
rPois   x          Reflect  .    (helmet currently unavailable)
rElec   .          Harm     .    (cloak currently unavailable)
rCorr   .          Rampage  .    (gloves currently unavailable)
Will    .....                    (boots currently unavailable)
Stlth   +.........               (no amulet)
HPRegen 0.26/turn                (no ring)
MPRegen 0.10/turn                (no ring)

@: lethally poisoned (-4 -> -8), spider-form (expiring), invisible
A: venomous fangs, AC +5, tiny, unfitting armour, (cold-blooded)
a: End Transformation


You were on level 3 of the Dungeon.
You were a venomous arachnid creature.
You visited 1 branch of the dungeon, and saw 3 of its levels.

You collected 167 gold pieces.
You spent 126 gold pieces at shops.


Innate Abilities, Weirdness & Mutations

You are a venomous arachnid creature.
You have poisonous fangs.
You are tiny and dextrous.
Your spellcasting is less reliable in this form.
Your armour is entirely melded.
You are incapable of wielding weapons or throwing items.
((Your plain brown scales are hard. (AC +5)))
You cannot fit into any form of body armour.
((You are cold-blooded and may be slowed by cold attacks.))


   Skills:
 + Level 2.4 Fighting
 - Level 1.7 Dodging
 * Level 4.3 Unarmed Combat
 + Level 2.5 Spellcasting
 + Level 2.6 Transmutations
 + Level 1.0 Poison Magic


You had 2 spell levels left.
You knew the following spells:

 Your Spells              Type           Power      Damage    Failure   Level
a - Beastly Appendage     Tmut           20%        N/A       19%         1
b - Wereblood             Tmut           10%        N/A       24%         2
c - Spider Form           Tmut/Pois      7%         N/A       50%         3

Your spell library contained the following spells:

 Spells                   Type           Power      Damage    Failure   Level
 Necrotise                Necr           8%         1d4       41%         1
 Vampiric Draining        Necr           2%         2d6       73%         3
 Ice Form                 Ice/Tmut       6%         N/A       89%         4
 Agony                    Necr           2%         N/A       100%        5
 Iskenderun's Battlesphe  Conj           2%         2d6       100%        5
 Iron Shot                Conj/Erth      1%         9d1       100%        6
 Spellforged Servitor     Conj/Summ      1%         N/A       100%        7

Inventory:

Missiles
 d - 22 stones
 i - 2 atropa-tipped darts
 k - 2 boomerangs
Scrolls
 b - a scroll of immolation {!r!r}
 j - a scroll of identify {@r1}
Potions
 a - a potion of lignification {!q}
 c - a potion of haste {@q3}
 e - 3 potions of curing {unknown}
 g - 3 potions of brilliance {unknown}
 h - a potion of degeneration {unknown}

Dungeon Overview and Level Annotations

Branches:
Dungeon (3/15) Zot: 15860

Altars:
Makhleb

Shops:
D:2 !***:

Annotations:
D:3 1 runed translucent door, Crazy Yiuf

#..........#.#
########...##
#.......##.#.##
#.>.#
#######.##....#
#.......#
##########.# ....
#.# .... #.#
###..####o####.###
#......sooo.......
...#..#####.###.##
#. #........ ..
#..##.##. ## #..#
#... ##.## .# ..


You could see an orc priest (unable to see you, very poisoned) and 3 orcs.


Message History

There is a stone staircase leading up here.
An orc priest comes into view. It is wielding a +0 mace.
The orc priest shouts!
You hear an angry hiss. 😎 HP[+1]
Your hp is fully restored (37).
An adder comes into view.
An orc comes into view. It is wielding a +0 club.
An orc comes into view. It is wielding a +0 dagger.
The orc shouts!
You hear a shout!
An orc comes into view. It is wielding a +0 dagger.
There are monsters nearby!
The orc priest barely misses you.
You hit the orc priest. The adder bites you.
The orc priest hits you with a +0 mace. 😕 HP[-7]
You take 7 damage, and now have 30/37 hp.
There are monsters nearby!
You barely miss the orc priest. The adder barely misses you.
The orc priest looks satisfied for a moment.
The adder bites you.
You are poisoned.
The adder poisons you!
You closely miss the orc priest.
You feel sick. The orc closely misses you. The orc priest barely misses you.
The adder bites you but does no damage. 😮 HP[-4]
You take 4 damage, and now have 26/37 hp.
The orc priest attacks as you move away!
The orc priest hits you but does no damage.
The adder attacks as you move away! The adder bites you.
You are more poisoned.
The adder poisons you!
You feel very sick. 😮 HP[-6]
You take 6 damage, and now have 20/37 hp.
You feel sick.
You see here a +0 pair of gloves. 😮 HP[-1]
You take 1 damage, and now have 19/37 hp.
Okay, then.
The adder attacks as you move away! The adder bites you but does no damage.
You feel sick.
The adder bites you but does no damage. 😨 HP[-2]
You take 2 damage, and now have 17/37 hp.
You fade into invisibility!
You feel sick.
The adder bites you but does no damage. 😨 HP[-1]
You take 1 damage, and now have 16/37 hp.
There are monsters nearby!
You feel sick. 😨 HP[-1]
You take 1 damage, and now have 15/37 hp.
Casting: Beastly Appendage (safe; 7% risk of failure)
Confirm with . or Enter, or press ? or * to list all spells.
The spell is quite dangerous to miscast (28% risk of failure)!
Continue anyway? [Y]es or [N]o only, please.
The spell is quite dangerous to miscast (28% risk of failure)!
Continue anyway?
You turn into a venomous arachnid creature.
You feel sick. The adder closely misses you. The adder misses you. 😨 MP[-3]
You lost 3 mp, and now have 4/7 mp.
You catch the helpless adder completely off-guard!
You hit the adder.
The adder is poisoned.
You feel sick. The adder bites you.
* * * LOW HITPOINT WARNING * * *
You are lethally poisoned!
The adder poisons you! 😨 HP[-2]
You take 2 damage, and now have 13/37 hp.
You hit the adder.
The adder looks as sick as possible!
* * * LOW HITPOINT WARNING * * *
You feel very sick. The adder completely misses you.
The orc priest mumbles some strange prayers to Beogh against the adder.
The adder barely resists. 😨 HP[-3]
You take 3 damage, and now have 10/37 hp.
You hit the adder.
You kill the adder!
* * * LOW HITPOINT WARNING * * *
You feel very sick.
The orc priest looks satisfied for a moment.
Your Poison Magic skill increases to level 1! 😱 HP[-3]
You take 3 damage, and now have 7/37 hp.
* * * LOW HITPOINT WARNING * * *
You feel sick. The orc priest misses you. 😱 HP[-1]
You take 1 damage, and now have 6/37 hp.
You catch the helpless orc priest completely off-guard!
You hit the orc priest but do no damage.
The orc priest is poisoned.
* * * LOW HITPOINT WARNING * * *
You feel sick. 😱 HP[-1]
You take 1 damage, and now have 5/37 hp.
You catch the helpless orc priest completely off-guard!
You hit the orc priest.
Your transformation is almost over.
* * * LOW HITPOINT WARNING * * *
You feel sick. The orc priest hits you with a +0 mace!
You die...

Skill      XL: |  1  2  3  4 |
---------------+-------------+-----
Fighting       | 2 |  2.4
Unarmed Combat | 4 |  4.3
Poison Magic   | 1 |  1.0
Dodging        | |  1.7
Spellcasting   | |  2.5
Transmutations | |  2.6

Action                   |  1- 3 |  4- 6 || total
-------------------------+-------+-------++-------
Melee: Unarmed           |   114 |    85 ||   199
       Tailslap          |     8 |     6 ||    14
       Headbutt          |     8 |     4 ||    12
       Kick              |    10 |     2 ||    12
       Punch             |     3 |     2 ||     5
 Cast: Beastly Appendage |    18 |     6 ||    24
       Wereblood         |     1 |     1 ||     2
       Spider Form       |       |     2 ||     2
  Use: Scroll            |     6 |     1 ||     7
       Potion            |       |     1 ||     1
 Stab: Sleeping          |     1 |       ||     1
       Invisible         |       |     3 ||     3
Armor: Skin              |    39 |    34 ||    73
Dodge: Dodged            |    78 |    60 ||   138

Levels and vault maps discovered:
D:1:      heliophobic_arrival_ceremonial_halls, layout_basic,
          hellmonk_ecumenical_altar_run_dry
D:2:      layout_rooms, basic_altar, serial_shops, shop, shop,
          nicolae_shop_advertising_works [nicolae_subvault_shop_adworks],
          nicolae_diamond_shop, shop, st_stairs_14
D:3:      layout_loops_cross, uniq_robin, uniq_crazy_yiuf_cottage, uniq_ijyb

Notes
Turn   | Place    | Note
-------+----------+-------------------------------------------
     0 | D:1      | kae the Draconian Transmuter began the quest for the Orb.
     0 | D:1      | Reached XP level 1. HP: 16/16 MP: 3/3
     0 | D:1      | magus.rc [v1.11.3]
    54 | D:1      | You pick up a book of Power and begin reading...
    54 | D:1      | You add the spells Iskenderun's Battlesphere, Iron Shot and
                  | Spellforged Servitor to your library.
   213 | D:1      | Reached XP level 2. HP: 23/23 MP: 5/5
   328 | D:1      | Found a faded altar of an unknown god.
   913 | D:1      | Learned a level 2 spell: Wereblood
   926 | D:2      | Reached XP level 3. HP: 19/29 MP: 3/6
   937 | D:2      | Learned a level 3 spell: Spider Form
   957 | D:2      | Found Saza's Assorted Antiques.
   970 | D:2      | You pick up a book of Necromancy and begin reading...
   970 | D:2      | You add the spells Necrotise, Vampiric Draining and Agony
                  | to your library.
  1043 | D:2      | Bought a ruby potion for 24 gold pieces
  1043 | D:2      | Bought a scroll labelled JUR BABEIPA for 27 gold pieces
  1084 | D:2      | Found a burning altar of Makhleb.
  1156 | D:2      | Found Guthryts's Assorted Antiques.
  1167 | D:2      | Bought a metallic pink potion for 23 gold pieces
  1167 | D:2      | Bought a scroll of identify for 52 gold pieces
  1181 | D:2      | Reached skill level 2 in Fighting
  1352 | D:2      | Reached XP level 4. HP: 34/36 MP: 7/7
  1359 | D:2      | Found Viarirch's Book Shop.
  1394 | D:2      | Found Mearuu's Distillery.
  1434 | D:2      | Found Ogipyec's Assorted Antiques.
  1664 | D:3      | Noticed Robin
  1681 | D:3      | Killed Robin
  1682 | D:3      | Reached skill level 4 in Unarmed Combat
  2055 | D:3      | Found a runed translucent door.
  2056 | D:3      | Noticed Crazy Yiuf
  2144 | D:3      | HP: 7/37 [poisoned by an adder]
  2145 | D:3      | Reached skill level 1 in Poison Magic
  2147 | D:3      | HP: 3/37 [poisoned by an adder]
  2147 | D:3      | Slain by an orc priest

Vanquished Creatures
  Robin (D:3)
  3 adders
  A dart slug (D:3)
  6 orcs (D:3)
  7 bats
  4 endoplasms
  3 giant cockroaches
  11 goblins
  10 hobgoblins
  3 jackals (D:3)
  4 quokkas
  4 ball pythons
  2 frilled lizards
  7 kobolds
  10 rats
76 creatures vanquished.

Table legend:
 A = Non-vault XP
 B = Vault XP
 C = Vault XP percentage of total XP
 D = Non-vault monster count
 E = Vault monster count
 F = Vault count percentage of total count
                 A         B        C        D         E       F
            +---------+---------+-------+---------+---------+-------
      Total |     149 |      38 |  20.3 |      63 |      13 |  17.1
            +---------+---------+-------+---------+---------+-------
        D:1 |      35 |       0 |   0.0 |      21 |       0 |   0.0
        D:2 |      61 |       2 |   3.2 |      24 |       2 |   7.7
        D:3 |      53 |      36 |  40.4 |      18 |      11 |  37.9
            +---------+---------+-------+---------+---------+-------

Illustrated notes

Table legend:
 A = Kills in this place as a percentage of kills in entire the game.
 B = Kills by you in this place as a percentage of kills by you in the entire game.
 C = Kills by friends in this place as a percentage of kills by friends in the entire game.
 D = Other kills in this place as a percentage of other kills in the entire game.
 E = Experience gained in this place as a percentage of experience gained in the entire game.
 F = Experience gained in this place divided by the number of levels of this place that you have seen.
                   A       B       C       D       E      F
               +-------+-------+-------+-------+-------+----------------------
         Total | 100.0 | 100.0 |   N/A |   N/A | 100.0 |  62.3
       Dungeon | 100.0 | 100.0 |   N/A |   N/A | 100.0 |  62.3
               +-------+-------+-------+-------+-------+----------------------

Table legend: (Time is in decaauts)
 A = Elapsed time spent in this place.
 B = Non-inter-level travel time spent in this place.
 C = Inter-level travel time spent in this place.
 D = Time resting spent in this place.
 E = Time spent auto-exploring this place.
 F = Levels seen in this place.
 G = Mean time per level.
                   A        B        C        D        E       F      G
               +--------+--------+--------+--------+--------+-----+--------+
         Total |   2138 |   2058 |     80 |     33 |   1542 |   3 |  712.7 |
       Dungeon |   2138 |   2058 |     80 |     33 |   1542 |   3 |  712.7 |
               +--------+--------+--------+--------+--------+-----+--------+

Top non-repeatable levels by time:
     D:1: 911 daAuts
     D:2: 735 daAuts
     D:3: 490 daAuts
